 Dungeon Crawl Stone Soup version 0.27.1-3-gb3d3a73c9e (webtiles) character file.

Game seed: 15008750581364739001

4 draco9625 the Sneak (level 1, 0/9 HPs)
             Began as a Spriggan Enchanter on Oct 15, 2021.
             Slain by a hobgoblin (4 damage)
             ... on level 1 of the Dungeon.
             The game lasted 00:02:29 (178 turns).

draco9625 the Sneak (Spriggan Enchanter)             Turns: 178, Time: 00:02:30

Health: 0/9        AC:  2    Str:  4    XL:     1   Next: 58%
Magic:  5/5        EV: 17    Int: 16    God:
Gold:   5          SH:  0    Dex: 15    Spells: 4/5 levels left

rFire    . . .     SeeInvis +   a - +1 dagger
rCold    . . .     Faith    .   (shield restricted)
rNeg     . . .     Spirit   .   b - +0 robe
rPois    .         Reflect  .   (helmet restricted)
rElec    .         Harm     .   (no cloak)
rCorr    .         Rampage  .   (gloves unavailable)
Will     .....                  (boots unavailable)
Stlth    +++.......             (no amulet)
HPRegen  0.03/turn              (no ring)
MPRegen  0.09/turn              (no ring)

@: very quick
A: very small, no large weapons, unfitting armour, see invisible, speed 3
a: no special abilities


You were on level 1 of the Dungeon.
You visited 1 branch of the dungeon, and saw 1 of its levels.

You collected 5 gold pieces.

Inventory:

Hand Weapons
 a - a +1 dagger (weapon)
Armour
 b - a +0 robe (worn)
Scrolls
 c - 2 scrolls of amnesia {unknown}
Potions
 d - a potion of cancellation {unknown}
 e - a potion of lignification {unknown}
 f - a potion of brilliance {unknown}


   Skills:
 + Level 1.1 Short Blades
 + Level 2.7 Dodging
 + Level 4.7 Stealth
 + Level 2.7 Spellcasting
 + Level 3.8 Hexes


You had 4 spell levels left.
You knew the following spells:

 Your Spells              Type           Power      Damage    Failure   Level
a - Corona                Hex            15%        N/A       4%          1

Your spell library contained the following spells:

 Spells                   Type           Power      Damage    Failure   Level
 Confusing Touch          Hex            14%        N/A       12%         3
 Tukima's Dance           Hex            14%        N/A       12%         3
 Ensorcelled Hibernation  Hex/Ice        16%        N/A       13%         2
 Dazzling Flash           Conj/Hex       16%        N/A       26%         3


Dungeon Overview and Level Annotations

Branches:
Dungeon (1/15)

Altars:


Innate Abilities, Weirdness & Mutations

You are very small and have problems with some larger weapons.
You are too small for most types of armour.
You have supernaturally acute eyesight. (SInv)
You cover ground extremely quickly. (Speed+++)


Message History

Found an orange potion.
c - 2 scrolls labelled HYPENTY JYETTICH
There are no items here.
d - an orange potion
Found a cyan potion.
Found a yellow potion.
A dart slug comes into view.
The helpless dart slug fails to defend itself.
You puncture the dart slug!
You kill the dart slug!
e - a cyan potion
f - a yellow potion A rat comes into view.
The helpless rat fails to defend itself.
You puncture the rat!
You kill the rat!
You see here a rat corpse.
Found a gold piece.
You now have 1 gold piece.
You open the door.
A hobgoblin comes into view.
Found 4 gold pieces.
There is an open door here.
The helpless hobgoblin fails to defend itself.
You puncture the hobgoblin!
You kill the hobgoblin!
You now have 5 gold pieces (gained 4).
You open the door.
There is an open door here.
A hobgoblin comes into view.
Found a stone staircase leading down.
The hobgoblin shouts!
You barely miss the hobgoblin. The hobgoblin hits you.
Ouch! That really hurt!
You closely miss the hobgoblin. The hobgoblin closely misses you.
You closely miss the hobgoblin. The hobgoblin closely misses you.
You hit the hobgoblin.
The hobgoblin is moderately wounded.
The hobgoblin hits you.
You die...

#.. #.# # ... #> #.# #.##.#
#.##....#####..
#.............. #g# #. #@#
#.##### #.# ......# #.# ##+##
...##.# #.# ##...## ...##.#
###.# ##.....## ...##.# ##.#.#
##.......##
.#.##.#######....###.........#
...................'.........+
......#######....###.....†...#


You could see a hobgoblin.

Vanquished Creatures
  A dart slug (D:1)
  A hobgoblin (D:1)
  A rat (D:1)
3 creatures vanquished.

Notes
Turn   | Place    | Note
-------+----------+-------------------------------------------
     0 | D:1      | draco9625 the Spriggan Enchanter began the quest for the
                  | Orb.
     0 | D:1      | Reached XP level 1. HP: 9/9 MP: 5/5
   178 | D:1      | Slain by a hobgoblin

Illustrated notes

Levels and vault maps discovered:
D:1:      minmay_arrival_shattered_statue, layout_loops_corners,
          basic_ecumenical_altar, corexii_corridor_pit, item_on_display_a

Action                   || total
-------------------------++-------
Melee: Dagger            ||     7
 Stab: Sleeping          ||     3
Dodge: Dodged            ||     2
